 Dungeon Crawl Stone Soup version 0.25-a0-842-g81a31cfd23 (webtiles) character file.

Game seed: 11359946170246322604, levelgen mode: deterministic

298 Maedhros the Ducker (level 6, 0/44 HPs)
             Began as an Octopode Wanderer on Apr 25, 2020.
             Slain by an orc
             ... wielding a +0 trident
              (4 damage)
             ... on level 6 of the Dungeon.
             The game lasted 00:06:03 (834 turns).

Maedhros the Ducker (Octopode Wanderer)              Turns: 834, Time: 00:06:04

Health: 0/44       AC:  1    Str: 10    XL:     6   Next: 35%
Magic:  6/6        EV: 16    Int: 18    God:
Gold:   89         SH:  0    Dex: 16    Spells: 5/5 levels left

rFire    . . .     SeeInvis .   a - +2 short sword
rCold    . . .     Gourm    .   (no shield)
rNeg     . . .     Faith    .   (helmet restricted)
rPois    .         Spirit   .   (no amulet)
rElec    .         Reflect  .   e - +5 ring of intelligence
rCorr    .         Harm     .   (no ring)
MR       .....                  (no ring)
Stlth    +++.......             (no ring)
HPRegen  0.14/turn              (no ring)
MPRegen  0.10/turn              (no ring)
                                (no ring)
                                (no ring)

@: mighty, brilliant, lethally poisoned (0 -> -2)
A: almost no armour, stealthy swim, amphibious, 8 rings, constrict 8, camouflage
1, gelatinous body 1
a: no special abilities


You were on level 6 of the Dungeon.
You were not hungry.

You visited 1 branch of the dungeon, and saw 7 of its levels.

You collected 89 gold pieces.

Inventory:

Hand Weapons
 a - a +2 short sword (weapon)
 b - a +0 falchion
Missiles
 g - 7 boomerangs (quivered)
Jewellery
 e - a +5 ring of intelligence (left tentacle)
Scrolls
 j - a scroll of remove curse
 k - a scroll of identify {unknown}
 l - a scroll of enchant weapon {unknown}
Comestibles
 d - 3 rations


   Skills:
 + Level 4.7 Fighting
 - Level 1.0 Short Blades
   Level 3.0 Crossbows
 + Level 4.7 Dodging
 - Level 1.3 Stealth
   Level 1.1 Evocations


You had 5 spell levels left.
You didn't know any spells.
Your spell library was empty.

Dungeon Overview and Level Annotations

Branches:
Dungeon (7/15)
 Temple: D:4-7

Altars:

Annotations:
D:6 Grinder
D:7 2 transporters, Maedhros's ghost, novice OpAr


Innate Abilities, Weirdness & Mutations

You cannot wear most types of armour.
You are very stealthy in the water. (Stealth+)
You are amphibious.
You can wear up to eight rings at the same time.
You can use your tentacles to constrict eight enemies at once.
Your skin changes colour to match your surroundings (Stealth+).
Your rubbery body absorbs attacks. (AC +1, EV +1)


Message History

Pain shoots through your body! The giant cockroach misses you.
You hit Grinder.
Grinder is severely wounded.
You constrict Grinder. The quokka bites you.
The orc hits you but does no damage. The giant cockroach barely misses you.
Grinder barely misses you. The quokka closely misses you.
You puncture Grinder!
Grinder is almost dead.
You constrict Grinder, but do no damage.
The orc barely misses you. The giant cockroach barely misses you.
Grinder hits you.
* * * LOW HITPOINT WARNING * * *
You writhe in agony.
* * * LOW HITPOINT WARNING * * *
The quokka closely misses you.
It was a potion of brilliance.
You feel clever all of a sudden.
You constrict Grinder. The giant cockroach barely misses you.
The orc hits you from afar with a +0 trident.
You die...

..............#
...............##
.......###......
.####...##.#...#
.o##..o....(...#
.#.......###..###
.#.####...##.ooo##
....# ##.....os5s#
....# ###....#r@#
.....# ##..##.##
#...## #######
#####


You could see Grinder, a scorpion, 4 orcs, a quokka and a giant cockroach.

Vanquished Creatures
  An ice beast (D:7)
  A necrophage (D:7)
  A hound zombie (D:7)
  A hound skeleton (D:5)
  5 adders
  2 gnolls (D:2)
  An adder skeleton (D:6)
  2 dart slugs
  An orc (D:6)
  3 giant cockroaches
  3 goblins (D:1)
  3 hobgoblins
  2 quokkas (D:5)
  3 bats (D:1)
  A kobold (D:2)
  A rat (D:1)
31 creatures vanquished.

Notes
Turn   | Place    | Note
-------+----------+-------------------------------------------
     0 | D:1      | Maedhros the Octopode Wanderer began the quest for the Orb.
     0 | D:1      | Maedhros set off with the following items: a +2 short
                  | sword, a +0 falchion, a potion of lignification, a ration
     0 | D:1      | Reached XP level 1. HP: 14/14 MP: 1/1
   113 | D:1      | Reached XP level 2. HP: 20/20 MP: 2/2
   263 | D:2      | Reached XP level 3. HP: 22/25 MP: 3/3
   348 | D:2      | Reached XP level 4. HP: 11/31 MP: 4/4
   548 | D:5      | Entered Level 5 of the Dungeon
   613 | D:5      | You fall into a shaft and drop 2 floors!
   638 | D:7      | Noticed a necrophage
   645 | D:7      | Killed a necrophage
   645 | D:7      | Reached XP level 5. HP: 16/37 MP: 5/5
   665 | D:7      | Found a transporter.
   666 | D:7      | Noticed an ice beast
   667 | D:7      | Found a transporter.
   668 | D:7      | Noticed Maedhros's ghost (novice OpAr)
   673 | D:7      | Noticed a queen bee
   692 | D:7      | Killed an ice beast
   692 | D:7      | Reached XP level 6. HP: 23/44 MP: 6/6
   793 | D:6      | Noticed a phantom
   819 | D:6      | Noticed Grinder
   834 | D:6      | Slain by an orc

Levels and vault maps discovered:
D:1:      dpeg_arrival_subterranean_lakeside_camping, layout_basic
D:2:      layout_loops_ring, led_sif_pool, serial_forest,
          infiniplex_forest_lined_corner, infiniplex_forest_lined_room_,
          infiniplex_forest_end_2, infiniplex_forest_straight_3,
          infiniplex_forest_straight_4, infiniplex_forest_clump_long,
          infiniplex_forest_clump_medium, infiniplex_forest_lined_corner,
          first_ration
D:3:      layout_loops_cross, uniq_ijyb, uniq_terence
D:4:      layout_rooms, kennysheep_generic_room_16, uniq_duvessa
D:5:      layout_rooms, enter_ossuary_3, serial_shops, shop
D:6:      layout_cave_pools, serial_park, serial_park_tiny_pond,
          serial_park_square3 [serial_park_minivault_5x5_7], serial_park_square1
          [serial_park_minivault_5x5_1], serial_park_gazebo
          [serial_park_minivault_5x5_4], serial_park_square3
          [serial_park_minivault_5x5_2], gup_sewer_entry_spiral, uniq_grinder
D:7:      layout_loops_ring, minmay_temple_entry_junction, gammafunk_ghost_hive,
          kennysheep_windowed_goal

Skill      XL: |  1  2  3  4 |
---------------+-------------+-----
Fighting       | 3 4 |  4.7
Dodging        | 3 4 |  4.7
Short Blades   | |  1.0
Crossbows      | |  3.0
Stealth        | |  1.3
Evocations     | |  1.1

Action                   |  1- 3 |  4- 6 || total
-------------------------+-------+-------++-------
Melee: Short sword       |    32 |    49 ||    81
       Constrict         |    13 |    11 ||    24
       Tentacles         |    10 |     6 ||    16
  Use: Potion            |     2 |     6 ||     8
       Scroll            |       |     1 ||     1
 Stab: Sleeping          |     4 |     5 ||     9
       Invisible         |     2 |       ||     2
Armor: Skin              |     2 |    18 ||    20
Dodge: Dodged            |    23 |    36 ||    59

Table legend:
 A = Non-vault XP
 B = Vault XP
 C = Vault XP percentage of total XP
 D = Non-vault monster count
 E = Vault monster count
 F = Vault count percentage of total count
                 A         B        C        D         E       F
            +---------+---------+-------+---------+---------+-------
      Total |     420 |       6 |   1.4 |      27 |       4 |  12.9
            +---------+---------+-------+---------+---------+-------
        D:1 |      14 |       6 |  30.0 |       6 |       4 |  40.0
        D:2 |      79 |       0 |   0.0 |      10 |       0 |   0.0
        D:3 |       2 |       0 |   0.0 |       1 |       0 |   0.0
        D:5 |      21 |       0 |   0.0 |       3 |       0 |   0.0
        D:6 |       8 |       0 |   0.0 |       2 |       0 |   0.0
        D:7 |     296 |       0 |   0.0 |       5 |       0 |   0.0
            +---------+---------+-------+---------+---------+-------
